 Dungeon Crawl Stone Soup version 0.29-a0-515-g7c1fb6cc08 (webtiles) character file.

Game seed: 13986698402050460457

1414 Bruhh the Cudgeller (level 8, -3/80 HPs)
             Began as an Ogre Abyssal Knight on May 30, 2022.
             Was a Priest of Lugonu.
             Slain by a black bear (4 damage)
             ... on level 6 of the Dungeon.
             The game lasted 00:08:56 (9157 turns).

Bruhh the Cudgeller (Ogre Abyssal Knight)           Turns: 9157, Time: 00:08:57

Health: -3/80      AC:  3    Str: 20    XL:     8   Next: 71%
Magic:  9/9        EV:  7    Int: 11    God:    Lugonu [***...]
Gold:   270        SH:  0    Dex:  9    Spells: 7/7 levels left

rFire   . . .      SeeInvis .   y - +0 morningstar
rCold   . . .      Faith    .   e - +0 tower shield
rNeg    . . .      Spirit   .   b - +0 robe
rPois   .          Reflect  +   (helmet restricted)
rElec   .          Harm     .   (no cloak)
rCorr   .          Rampage  .   (gloves unavailable)
Will    .....                   (boots unavailable)
Stlth   +.........              c - amulet of reflection
HPRegen 0.23/turn               (no ring)
MPRegen 0.11/turn               (no ring)

@: confused, ambrosia-drunk
A: large, unfitting armour, tough skin 1
a: Renounce Religion, Depart the Abyss, Bend Space, Banish


You were on level 6 of the Dungeon.
You worshipped Lugonu.
Lugonu was most pleased with you.
You visited 1 branch of the dungeon, and saw 6 of its levels.
You visited the Abyss 1 time.

You collected 270 gold pieces.

Inventory:

Hand Weapons
 a - a +1 mace
 x - a +2 mace of holy wrath
 y - a +0 morningstar (weapon)
Missiles
 j - a throwing net
 u - 10 poisoned darts
Armour
 b - a +0 robe (worn)
 e - a +0 tower shield (worn)
Jewellery
 c - an amulet of reflection (around neck)
 l - a ring of see invisible
Wands
 h - a wand of paralysis (8)
 v - a wand of iceblast (7)
Scrolls
 f - a scroll of poison {unknown}
 k - a scroll of fear
 m - 2 scrolls of identify
 q - a scroll of amnesia
 s - a scroll of fog {unknown}
 t - a scroll of vulnerability {unknown}
 w - a scroll of immolation {unknown}
Potions
 d - a potion of haste {unknown}
 g - a potion of resistance {unknown}
 i - 2 potions of lignification {unknown}
 n - 2 potions of flight {unknown}
 o - 2 potions of ambrosia
 p - a potion of might {unknown}
 r - 3 potions of degeneration {unknown}


   Skills:
 - Level 5.0 Fighting
 + Level 7.6 Maces & Flails
 - Level 2.1 Dodging
 - Level 6.0 Shields
 - Level 2.0 Invocations


You had 7 spell levels left.
You didn't know any spells.
Your spell library contained the following spells:

 Spells                   Type           Power      Damage    Failure   Level
 Gell's Gravitas          Tloc           0%         N/A       99%         3
 Lesser Beckoning         Tloc           0%         N/A       99%         3
 Teleport Other           Tloc           0%         N/A       99%         3


Dungeon Overview and Level Annotations

Branches:
Dungeon (6/15)             Temple (0/1) D:6

Altars:
Cheibriados
Elyvilon
Makhleb
Okawaru
Qazlal
The Shining One

Shops:
D:5 *


Innate Abilities, Weirdness & Mutations

You are too large for most types of armour.
You have tough skin. (AC +1)


Message History

The black bear bites you. The black bear barely misses you.
The black bear claws you.
The sky beast hits you but does no damage.
The black bear bites you!
* * * LOW HITPOINT WARNING * * *
The black bear claws you.
* * * LOW HITPOINT WARNING * * *
The black bear claws you.
* * * LOW HITPOINT WARNING * * *
Unknown command.
Space bends violently around you!
You blink.
There is an open door, spattered with blood here.
Things that are here:
a +0 mace; a +0 chain mail It was a potion of ambrosia.
You are confused.
You feel invigorated.
The black bear bites you but does no damage.
The black bear claws you.
* * * LOW HITPOINT WARNING * * *
The black bear barely misses you.
Okay, then.
You bump into the rock wall.
The black bear bites you.
* * * LOW HITPOINT WARNING * * *
The black bear claws you.
* * * LOW HITPOINT WARNING * * *
The black bear claws you.
* * * LOW HITPOINT WARNING * * *
Unknown command.
You barely miss the black bear.
The black bear is almost dead.
The black bear barely misses you. x2; The black bear claws you.
* * * LOW HITPOINT WARNING * * *
The sky beast flickers out of sight!
Deactivating autopickup; reactivate with Ctrl-A.
The black bear bites you but does no damage.
The black bear claws you.
* * * LOW HITPOINT WARNING * * *
The black bear claws you.
You die...

###.#.### ##.......##.#...##
#.......###.........#.#....#####
#.#.......'.........'...........
#.#.....###.........#.#.)..#####
#.#.#.#.# ##.......##.....##
#.#.###.# ##.....#####.### #.#.#
#.# ##.{.## #.# #.#.# #.# ##h##
#.# #.#.###.# #@# #.#
#.......#######(# #)#
###.####.......(#######.######
#.# #.####................###
#.####.####.....##########...§
#..............## #..≈§
######.#####..## #.≈§≈
#.#####..# #.≈≈≈ #........#
##≈≈§


You could see a black bear (berserk).

Vanquished Creatures
  2 water moccasins (D:5)
  A sky beast (D:6)
  An ice beast (D:5)
  3 ogres
  3 scorpions
  A necrophage (D:4)
  An orc priest (D:5)
  2 jellies
  A gnoll shaman (D:5)
  5 hounds
  Terence (D:2)
  An orc wizard (D:5)
  Robin (D:3)
  3 gnolls (D:5)
  7 adders
  A white imp (D:6)
  3 ufetubi
  4 dart slugs
  10 orcs
  3 endoplasms (D:2)
  14 goblins
  11 hobgoblins
  4 quokkas
  2 ball pythons (D:1)
  4 bats
  A frilled lizard (D:2)
  11 kobolds
  6 rats
107 creatures vanquished.

Vanquished Creatures (others)
  An orc (D:6)
1 creature vanquished.

Grand Total: 108 creatures vanquished

Notes
Turn   | Place    | Note
-------+----------+-------------------------------------------
     0 | Abyss:1  | Bruhh the Ogre Abyssal Knight began the quest for the Orb.
     0 | Abyss:1  | Reached XP level 1. HP: 24/24 MP: 2/2
    24 | Abyss:1  | Found a corrupted altar of Lugonu.
    38 | D:1      | Escaped the Abyss
   106 | D:1      | Reached skill level 2 in Maces & Flails
   334 | D:1      | Reached XP level 2. HP: 32/33 MP: 3/3
   980 | D:1      | Reached XP level 3. HP: 39/41 MP: 4/4
  1234 | D:2      | You fall into a shaft and drop 1 floor!
  1357 | D:2      | Noticed Terence
  1369 | D:2      | HP: 2/41 [rat (2)]
  1370 | D:2      | Killed Terence
  1371 | D:2      | Reached skill level 5 in Fighting
  1371 | D:2      | Reached skill level 3 in Maces & Flails
  1753 | D:2      | Reached *** piety under Lugonu
  1754 | D:2      | Reached XP level 4. HP: 50/50 MP: 5/5
  1787 | D:2      | Found a stormy altar of Qazlal.
  2004 | D:3      | Noticed Robin
  2580 | D:3      | Killed Robin
  3212 | D:3      | Reached skill level 1 in Shields
  4004 | D:4      | Reached XP level 5. HP: 33/57 MP: 6/6
  4345 | D:4      | Reached skill level 4 in Maces & Flails
  4660 | D:4      | Reached XP level 6. HP: 38/66 MP: 7/7
  4958 | D:5      | Entered Level 5 of the Dungeon
  5824 | D:5      | Reached skill level 5 in Maces & Flails
  5824 | D:5      | Reached XP level 7. HP: 34/72 MP: 8/8
  6313 | D:5      | Found an iron altar of Okawaru.
  6313 | D:5      | Found a burning altar of Makhleb.
  6623 | D:5      | Reached **** piety under Lugonu
  6624 | D:5      | Reached skill level 5 in Shields
  6698 | D:5      | Found a glowing golden altar of the Shining One.
  6732 | D:5      | Found a snail-covered altar of Cheibriados.
  6764 | D:5      | Reached skill level 6 in Maces & Flails
  6887 | D:5      | Found Ozuemn's Serpentskin Sales.
  6911 | D:5      | Reached XP level 8. HP: 48/80 MP: 9/9
  7738 | D:6      | Found a staircase to the Ecumenical Temple.
  8066 | D:6      | Found a white marble altar of Elyvilon.
  8107 | D:6      | Reached skill level 7 in Maces & Flails
  9156 | D:6      | HP: 3/80 [black bear (5)]
  9157 | D:6      | HP: 1/80 [black bear (3)]
  9157 | D:6      | Slain by a black bear

Illustrated notes

Levels and vault maps discovered:
D:1:      dpeg_arrival_shelter, layout_basic
D:2:      layout_rooms, basic_altar, kennysheep_pointless_box,
          minmay_small_reverse_x, uniq_terence
D:3:      layout_loops_ring, uniq_robin
D:4:      layout_gridville
D:5:      layout_loops_ring, gammafunk_temple_overflow_wave, tso_altar,
          kennysheep_little_box, enter_ossuary_1, guppyfry_shop_venom
D:6:      layout_loops_corners, mainiacjoe_overflow_catwalk,
          minmay_temple_entry_mist

Skill      XL: |  1  2  3  4  5  6  7  8 |
---------------+-------------------------+-----
Maces & Flails | 2 3 4 5 6 7 |  7.6
Fighting       | 5 |  5.0
Shields        | 1 3 4 5 6 |  6.0
Dodging        | |  2.1
Invocations    | |  2.0

Action                   |  1- 3 |  4- 6 |  7- 9 || total
-------------------------+-------+-------+-------++-------
Melee: Mace              |    88 |   235 |   178 ||   501
       Morningstar       |       |       |    23 ||    23
Throw: Throwing net      |       |       |     1 ||     1
Invok: Bend Space        |       |       |     2 ||     2
  Use: Scroll            |       |     3 |     1 ||     4
       Potion            |       |       |    12 ||    12
Armor: Robe              |    30 |    62 |    30 ||   122
Dodge: Dodged            |    30 |    53 |    58 ||   141
Block: Other             |     4 |       |       ||     4
       Tower shield      |    53 |   251 |   226 ||   530
       Reflection        |     3 |     2 |     1 ||     6

Table legend: (Time is in decaauts)
 A = Elapsed time spent in this place.
 B = Non-inter-level travel time spent in this place.
 C = Inter-level travel time spent in this place.
 D = Time resting spent in this place.
 E = Time spent auto-exploring this place.
 F = Levels seen in this place.
 G = Mean time per level.
                   A        B        C        D        E       F      G
               +--------+--------+--------+--------+--------+-----+--------+
         Total |   9406 |   9154 |    252 |   1337 |   6440 |   7 | 1343.7 |
       Dungeon |   9368 |   9116 |    252 |   1337 |   6440 |   6 | 1561.3 |
         Abyss |     38 |     38 |      0 |      0 |      0 |   1 |   38.0 |
               +--------+--------+--------+--------+--------+-----+--------+

Top non-repeatable levels by time:
     D:5: 2286 daAuts
     D:6: 1547 daAuts
     D:4: 1542 daAuts
     D:3: 1481 daAuts
     D:2: 1358 daAuts
     D:1: 1152 daAuts
 Abyss:1: 38 daAuts
